 Dungeon Crawl Stone Soup version 0.31-a0-564-g3b7de120b3 (webtiles) character file.

Game seed: 4803922881620171171

617 Newt the Trooper (level 7, -1/56 HPs)
             Began as a Demonspawn Gladiator on Aug 17, 2023.
             Was an Elder of Jiyva.
             Slain by a wolf (7 damage)
             ... on level 5 of the Dungeon.
             The game lasted 00:03:59 (3644 turns).

Newt the Trooper (Demonspawn Gladiator)             Turns: 3644, Time: 00:04:00

Health: -1/56      AC:  4    Str: 16    XL:     7   Next: 21%
Magic:  7/7        EV: 13    Int: 10    God:    Jiyva [****..]
Gold:   198        SH:  0    Dex: 16    Spells: 6/6 levels left

rFire   . . .        q - +3 dagger (venom)
rCold   . . .        (no shield)
rNeg    . . .        b - +0 leather armour
rPois   .            (helmet restricted)
rElec   .            f - +0 cloak
rCorr   +            (no gloves)
SInv    .            (no boots)
Will    .....        (no amulet)
Stlth   ++           (no ring)
HPRegen 1.57/turn    (no ring)
MPRegen 0.50/turn

%: no passive effects
@: confused, brilliant, ambrosia-drunk, invisible
A: thin skeletal structure 1, condensation shield, weakness stinger 1, horns 1,
wild magic 3
a: Renounce Religion, Oozemancy, Slimify


You were on level 5 of the Dungeon.
You worshipped Jiyva.
Jiyva was greatly pleased with you.
You visited 2 branches of the dungeon, and saw 6 of its levels.

You collected 198 gold pieces.

Inventory:

Hand Weapons
 a - a +0 rapier
 q - a +3 dagger of venom (weapon)
Missiles
 d - 3 throwing nets (quivered)
 e - a javelin
Armour
 b - a +0 leather armour (worn)
 c - a +0 helmet
 f - a +0 cloak (worn)
Jewellery
 n - an amulet of magic regeneration
Wands
 g - a wand of polymorph (4)
Scrolls
 j - a scroll of amnesia
 m - a scroll of enchant weapon
Potions
 i - 2 potions of mutation
 k - a potion of degeneration
 l - a potion of enlightenment
 o - 2 potions of lignification
 p - a potion of brilliance


   Skills:
 - Level 5.0 Fighting
 - Level 4.0 Short Blades
 - Level 3.0 Throwing
 + Level 2.7 Armour
 - Level 4.0 Dodging


You had 6 spell levels left.
You didn't know any spells.
Your spell library contained the following spells:

 Spells                   Type           Power      Damage    Failure   Level
 Slow                     Hex            0%         N/A       67%         1
 Confusing Touch          Hex            0%         N/A       94%         3
 Vampiric Draining        Necr           0%         2d6       94%         3


Dungeon Overview and Level Annotations

Branches:
Dungeon (5/15)             Temple (1/1) D:5

Altars:
Ashenzari
Cheibriados
Dithmenos
Gozag
Hepliaklqana
Kikubaaqudgha
Nemelex Xobeh
Okawaru
Uskayaw
Xom
Yredelemnul
Jiyva


Innate Abilities, Weirdness & Mutations

You have a somewhat thin skeletal structure. (Dex +2, Stealth+)
A meltable shield of frost defends you. (SH +4)
You have a small tail.
You have a pair of small horns on your head.
Your spells are much harder to cast, but much more powerful.


Message History

The wolf is lightly wounded.
The wolf bites you. The wolf bites you but does no damage.
You miss the wolf.
The wolf is lightly wounded.
The wolf closely misses you.
The orc priest mumbles some strange prayers to Beogh against you.
Beogh smites you!
* * * LOW HITPOINT WARNING * * *
Okay, then.
It was a potion of brilliance.
You feel clever all of a sudden. The wolf misses you.
The wolf barely misses you.
Unknown command.
It was a potion of invisibility.
You fade into invisibility!
You block the wolf's attack. The wolf closely misses you.
You block the wolf's attack. The wolf misses you.
The wolf attacks as you move away! The wolf closely misses you.
The wolf attacks as you move away! The wolf barely misses you.
The wolf bites you!
* * * LOW HITPOINT WARNING * * *
The wolf attacks as you move away! You block the wolf's attack.
The wolf barely misses you. The wolf bites you.
* * * LOW HITPOINT WARNING * * *
The wolf looks more healthy.
The wolf bites you!
* * * LOW HITPOINT WARNING * * *
You block the wolf's attack. The wolf bites you.
* * * LOW HITPOINT WARNING * * *
You block the wolf's attack.
The orc priest calls down the wrath of Beogh upon you.
Beogh smites you!
* * * LOW HITPOINT WARNING * * *
It was a potion of ambrosia.
You are confused.
You feel invigorated. The wolf bites you!
You die...

##.##.....#...###.....
##.....................
##.....##.......##......
#.....####......##..#...
#....##).'.........##..#
##...##..'.........##...
#....####...####......#
##....##.....# #.....##
#.....@......###..##.#.
##..oh...##....#..##.#.
#.......##......###...
##.#............#.#...
#...#####..##......##
#.go# #..###...#.##
#(..# #..###.....##
#.#o# #..........##
#.#.# #............


You could see a wolf, an orc priest (unable to see you), a gnoll (unable to see
you) and 2 orcs.

Vanquished Creatures
  A water moccasin (D:5)
  A gnoll sergeant (D:5)
  2 scorpions (D:4)
  5 hounds
  A gnoll bouda (D:5)
  An iguana (D:5)
  3 gnolls (D:3)
  5 adders
  2 dart slugs
  4 orcs
  4 ball pythons
  3 endoplasms (D:1)
  4 giant cockroaches
  5 hobgoblins
  A jackal (D:5)
  A quokka (D:4)
  6 bats
  5 frilled lizards
  4 goblins
  4 kobolds
  5 rats
67 creatures vanquished.

Vanquished Creatures (others)
  3 jellies (D:5)
  3 gnolls (D:5)
  2 adders (D:2)
  A dart slug (D:2)
  3 orcs (D:4)
  2 bats (D:2)
  An endoplasm (D:3)
  4 goblins (D:2)
  A jackal (D:2)
  2 kobolds (D:2)
  2 ball pythons (D:2)
  2 rats (D:2)
26 creatures vanquished.

Grand Total: 93 creatures vanquished

Notes
Turn   | Place    | Note
-------+----------+-------------------------------------------
     0 | D:1      | Newt the Demonspawn Gladiator began the quest for the Orb.
     0 | D:1      | Reached XP level 1. HP: 16/16 MP: 1/1
   376 | D:1      | Gained mutation: You have a small tail. [demonic ancestry]
   376 | D:1      | Reached XP level 2. HP: 21/23 MP: 2/2
   607 | D:1      | Reached skill level 3 in Fighting
   991 | D:2      | You fall into a shaft and drop 1 floor!
   996 | D:3      | Found a faded altar of an unknown god.
  1009 | D:3      | Prayed at the altar of an unknown god.
  1009 | D:3      | Became a worshipper of Jiyva Jofebeem the Shapeless
  1009 | D:3      | Reached * piety under Jiyva
  1995 | D:3      | Reached XP level 3. HP: 29/29 MP: 3/3
  2022 | D:3      | Reached XP level 4. HP: 17/35 MP: 4/4
  2128 | D:3      | Reached ** piety under Jiyva
  2582 | D:4      | Reached skill level 4 in Fighting
  2597 | D:4      | Noticed a scorpion
  2601 | D:4      | Killed a scorpion
  2602 | D:4      | Gained mutation: You have a somewhat thin skeletal
                  | structure. (Dex +2, Stealth+) [demonic ancestry]
  2602 | D:4      | Reached XP level 5. HP: 43/43 MP: 5/5
  2648 | D:4      | Reached skill level 5 in Fighting
  2655 | D:4      | Gained mutation: A meltable shield of frost defends you.
                  | (SH +4) [demonic ancestry]
  2655 | D:4      | Reached XP level 6. HP: 25/51 MP: 6/6
  2838 | D:4      | Reached *** piety under Jiyva
  2969 | D:4      | Gained mutation: Your spells are a little harder to cast,
                  | but a little more powerful. [Jiyva's grace]
  2969 | D:4      | Gained mutation: Your spells are harder to cast, but more
                  | powerful. [Jiyva's grace]
  2969 | D:4      | Gained mutation: Your spells are much harder to cast, but
                  | much more powerful. [Jiyva's grace]
  2969 | D:4      | Gained mutation: You have a pair of small horns on your
                  | head. [Jiyva's grace]
  3128 | D:5      | Entered Level 5 of the Dungeon
  3282 | D:5      | Noticed a water moccasin
  3287 | D:5      | Reached **** piety under Jiyva
  3293 | D:5      | Killed a water moccasin
  3301 | D:5      | Reached skill level 1 in Armour
  3354 | D:5      | Reached XP level 7. HP: 25/56 MP: 7/7
  3511 | D:5      | Found a staircase to the Ecumenical Temple.
  3525 | Temple   | Entered the Ecumenical Temple
  3643 | D:5      | HP: 1/56 [orc priest/divine providence (12)]
  3644 | D:5      | Slain by a wolf

Illustrated notes

Levels and vault maps discovered:
D:1:      evilmike_arrival_home_sweet_home, layout_basic
D:2:      layout_basic, minmay_mini_jars
D:3:      layout_basic, nicolae_ecumenical_pavilion
D:4:      layout_cave_pools, minmay_misc_feat_doors,
          ebering_dispersal_statue_hall, roderic_roman_lattice
D:5:      layout_cave_pools, vehumet_statue, nicolae_ru_sacrificial_ziggurat,
          minmay_temple_entry_mist, serial_gnoll_camp, gnoll_camp_mini_basic,
          gnoll_camp_mini_loothouse, gnoll_camp_mini_hut, gnoll_camp_huts_basic
Temple:   eino_temple_water

Skill      XL: |  1  2  3  4  5  6 |
---------------+-------------------+-----
Fighting       | 3 4 5 |  5.0
Short Blades   | 3 4 |  4.0
Dodging        | 3 4 |  4.0
Throwing       | 3 |  3.0
Armour         | 2 |  2.7

Action                     |  1- 3 |  4- 6 |  7- 9 || total
---------------------------+-------+-------+-------++-------
  Melee: Rapier            |    70 |       |       ||    70
         Dagger            |    32 |   119 |    14 ||   165
         Tailslap          |    10 |    13 |     2 ||    25
         Punch             |     1 |       |       ||     1
         Headbutt          |       |    14 |     4 ||    18
    Use: Scroll            |       |     8 |       ||     8
         Potion            |       |       |     3 ||     3
   Stab: Sleeping          |       |       |     1 ||     1
 Armour: Leather armour    |    40 |    34 |     3 ||    77
  Dodge: Dodged            |    88 |    70 |    19 ||   177
  Block: Other             |       |     5 |     8 ||    13

Table legend: (Time is in decaauts)
 A = Elapsed time spent in this place.
 B = Non-inter-level travel time spent in this place.
 C = Inter-level travel time spent in this place.
 D = Time resting spent in this place.
 E = Time spent auto-exploring this place.
 F = Levels seen in this place.
 G = Mean time per level.
                   A        B        C        D        E       F      G
               +--------+--------+--------+--------+--------+-----+--------+
         Total |   3618 |   3367 |    251 |    270 |   2595 |   6 |  603.0 |
       Dungeon |   3616 |   3366 |    250 |    270 |   2595 |   5 |  723.2 |
        Temple |      1 |      1 |      0 |      0 |      0 |   1 |    1.0 |
               +--------+--------+--------+--------+--------+-----+--------+

Top non-repeatable levels by time:
     D:2: 1175 daAuts
     D:1: 780 daAuts
     D:4: 581 daAuts
     D:3: 573 daAuts
     D:5: 506 daAuts
  Temple: 1 daAuts
